 Dungeon Crawl Stone Soup version 0.22-a0-799-g88f5e907b7 (webtiles) character file.

356 Holzbalken the Chiller (level 6, -11/41 HPs)
             Began as a Merfolk Ice Elementalist on July 21, 2018.
             Was a Believer of Ashenzari.
             Mangled by an ogre
             ... wielding a +0 giant club
              (16 damage)
             ... on level 6 of the Dungeon.
             The game lasted 00:19:40 (5356 turns).

Holzbalken the Chiller (Merfolk Ice Elementalist)   Turns: 5356, Time: 00:19:40

Health: -11/41     AC:  5    Str:  8    XL:     6   Next: 63%
Magic:  7/12       EV: 14    Int: 14    God:    Ashenzari [**....]
Gold:   371        SH:  0    Dex: 17    Spells: 9/13 levels left

rFire    . . .     SeeInvis .   z - +0 trident
rCold    . . .     Gourm    .   (no shield)
rNeg     . . .     Faith    .   q - +0 leather armour
rPois    .         Spirit   .   n - +0 hat
rElec    .         Reflect  .   r - +0 cloak
rCorr    .         Harm     .   (no gloves)
MR       .....                  l - +0 pair of boots
Stlth    ++........             (no amulet)
HPRegen  0.13/turn              (no ring)
MPRegen  0.13/turn              (no ring)

@: no status effects
A: change form in water, swift swim, stealthy swim
a: Curse Item, Scrying, Renounce Religion


You were on level 6 of the Dungeon.
You worshipped Ashenzari.
Ashenzari was pleased with you.
You were very hungry.

You visited 2 branches of the dungeon, and saw 7 of its levels.

You collected 371 gold pieces.

Inventory:

Hand Weapons
 z - a +0 trident (weapon)
Armour
 l - a +0 pair of boots (worn)
 n - a +0 hat (worn)
 q - a +0 leather armour (worn)
 r - a +0 cloak (worn)
Wands
 y - a wand of iceblast (7)
Scrolls
 b - a scroll of fog {unknown}
 d - 2 scrolls of remove curse
 e - 3 scrolls of identify {unknown}
 k - 2 scrolls of teleportation {unknown}
 m - a scroll of fear {unknown}
 p - a scroll of immolation {unknown}
 u - a scroll of enchant weapon {unknown}
 x - a scroll of enchant armour {unknown}
Potions
 a - a potion of cancellation {unknown}
 f - 2 potions of flight {unknown}
 g - 4 potions of curing {unknown}
 h - a potion of degeneration {unknown}
 i - 6 potions of haste {unknown}
 j - 3 potions of agility {unknown}
 o - a potion of brilliance {unknown}
 s - a potion of lignification {unknown}
 v - a potion of resistance {unknown}
Comestibles
 c - 10 rations
 t - 2 chunks of flesh


   Skills:
 + Level 4.6 Dodging
 - Level 2.1 Stealth
 * Level 4.2 Spellcasting
   Level 0.7 Conjurations
 * Level 5.6 Ice Magic


You had 9 spell levels left.
You knew the following spells:

 Your Spells              Type           Power        Failure   Level  Hunger
a - Freeze                Ice            ###.         2%          1    None
b - Ozocubu's Armour      Chrm/Ice       ##......     26%         3    ###....

Your spell library contained the following spells:

 Spells                   Type           Power        Failure   Level  Hunger
 Throw Frost              Conj/Ice       ##....       12%         2    ##.....
 Summon Ice Beast         Ice/Summ       ##......     65%         4    ####...
 Throw Icicle             Conj/Ice       ##......     58%         4    ####...


Dungeon Overview and Level Annotations

Branches:
Dungeon (6/15)             Temple (1/1) D:5

Altars:
Ashenzari
Cheibriados
Dithmenos
Elyvilon
Fedhas
Gozag
Hepliaklqana
Kikubaaqudgha
Makhleb
Nemelex Xobeh
Okawaru
Qazlal
Ru
Sif Muna
Trog
Vehumet
Wu Jian
Xom
Yredelemnul
Zin
The Shining One


Message History

You freeze the ogre.
The ogre is heavily wounded.
The ogre hits you with a giant club!!
* * * LOW HITPOINT WARNING * * *
Casting: Freeze (safe; 2% risk of failure)
Confirm with . or Enter, or press ? or * to list all spells.
Aiming: Freeze (safe; 2% risk of failure)
Press: ? - help, Shift-Dir - straight line, f/p - ogre
Aim: an ogre, wielding a giant club (heavily wounded)
You freeze the ogre.
The ogre is heavily wounded.
Casting: Freeze (safe; 2% risk of failure)
Confirm with . or Enter, or press ? or * to list all spells.
Aiming: Freeze (safe; 2% risk of failure)
Press: ? - help, Shift-Dir - straight line, f/p - ogre
Aim: an ogre, wielding a giant club (heavily wounded)
You freeze the ogre.
The ogre is severely wounded.
The ogre hits you with a giant club!
You die...

,, ,* .###*
##...# , ....,
#....# ,
*#.... #....#
#....##....# *
, #..........#
,<,
,....(......#
...........# ,
, ......O@...#
###..###...# *
# * *#...# ,,,
* #...# , *,..
,#...# ...
#...## ,
....##..P## ,
#...P#_._P_##
,
##...P......P#


You could see an ogre.

Vanquished Creatures
  A scorpion (D:5)
  2 hounds
  2 worker ants
  Ijyb (D:4)
  A howler monkey zombie (D:5)
  7 adders
  2 adder skeletons
  5 worms
  4 dart slugs
  4 leopard geckos
  An orc (D:4)
  A ball python (D:4)
  5 giant cockroaches
  5 goblins
  9 hobgoblins
  7 jackals (D:5)
  2 quokkas
  4 bats
  A frilled lizard (D:4)
  9 kobolds
  4 rats
77 creatures vanquished.

Notes
Turn   | Place    | Note
-------+----------+-------------------------------------------
     0 | D:1      | Holzbalken the Merfolk Ice Elementalist began the quest for the Orb.
     0 | D:1      | Reached XP level 1. HP: 13/13 MP: 3/3
   228 | D:1      | Reached XP level 2. HP: 19/19 MP: 1/5
  1094 | D:2      | Found a faded altar of an unknown god.
  1099 | D:2      | Became a worshipper of Ashenzari the Shackled
  1099 | D:2      | Reached * piety under Ashenzari
  1258 | D:2      | Reached XP level 3. HP: 23/24 MP: 4/6
  1911 | D:3      | Reached skill level 4 in Ice Magic
  2119 | D:3      | Learned a level 3 spell: Ozocubu's Armour
  2302 | D:3      | Reached XP level 4. HP: 30/30 MP: 2/8
  3138 | D:3      | Reached XP level 5. HP: 21/35 MP: 5/9
  3622 | D:4      | Reached ** piety under Ashenzari
  3629 | D:4      | Found a shadowy altar of Dithmenos.
  3648 | D:4      | Reached skill level 5 in Ice Magic
  3810 | D:4      | Noticed Ijyb
  3817 | D:4      | Killed Ijyb
  4016 | D:5      | Entered Level 5 of the Dungeon
  4217 | D:5      | Found a staircase to the Ecumenical Temple.
  4234 | D:5      | Reached XP level 6. HP: 37/41 MP: 4/11
  4306 | Temple   | Entered the Ecumenical Temple
  5334 | D:6      | Found an iron altar of Okawaru.
  5334 | D:6      | Found an ornate altar of the Wu Jian Council.
  5335 | D:6      | Found a glowing silver altar of Zin.
  5356 | D:6      | Mangled by an ogre

Vault maps used:
D:1:      mrwooster_arrival_statue_3, grunt_decor_arrowhead
D:2:      chequers_ecumenical_altar_simple_redux, amethyst_killhole,
          kennysheep_minor_cross
D:4:      grunt_ministairs_7, st_stairs_9, nicolae_dithmenos_the_darkroom,
          uniq_ijyb
D:5:      minmay_temple_entry_junction, first_ration
D:6:      kennysheep_housing_project, gammafunk_temple_overflow_forgotten,
          corexii_corridor_pit, kennysheep_generic_room_16
Temple:   hc_temple_tempest_star

Skill      XL: |  1  2  3  4  5  6 |
---------------+-------------------+-----
Dodging        | 3 4 |  4.6
Ice Magic      | 4 5 |  5.6
Spellcasting   | 3 4 |  4.2
Stealth        | |  2.1
Conjurations   | |  0.7

Action                   |  1- 3 |  4- 6 || total
-------------------------+-------+-------++-------
Melee: Unarmed           |    52 |     1 ||    53
       Spear             |       |    81 ||    81
       Trident           |       |    27 ||    27
 Cast: Freeze            |    63 |    83 ||   146
       Ozocubu's Armour  |     1 |       ||     1
 Stab: Sleeping          |       |     5 ||     5
  Eat: Chunk             |     5 |     9 ||    14
Armor: Robe              |     6 |     7 ||    13
       Chain mail        |    21 |       ||    21
       Leather armour    |       |    29 ||    29
Dodge: Dodged            |    40 |   135 ||   175

Table legend:
 A = Spawn XP
 B = Non-spawn XP
 C = Spawn XP percentage of total XP
 D = Spawn monster count
 E = Non-spawn monster count
 F = Spawn count percentage of total count
 G = Total turns spent on level
                    A         B        C        D         E        F      G
               +---------+---------+-------+---------+---------+-------+---------
         Total |       0 |     509 |   0.0 |       0 |      77 |   0.0 |  5356
               +---------+---------+-------+---------+---------+-------+---------
           D:1 |       0 |      25 |   0.0 |       0 |      13 |   0.0 |  1082
           D:2 |       0 |      26 |   0.0 |       0 |      13 |   0.0 |   814
           D:3 |       0 |     118 |   0.0 |       0 |      27 |   0.0 |  1565
           D:4 |       0 |     132 |   0.0 |       0 |       9 |   0.0 |   555
           D:5 |       0 |     195 |   0.0 |       0 |      14 |   0.0 |  1063
           D:6 |       0 |      13 |   0.0 |       0 |       1 |   0.0 |    35
               +---------+---------+-------+---------+---------+-------+---------
